 Dungeon Crawl Stone Soup version 0.18-a0-1197-g8004e50 (webtiles) character file.

56 st0uf the Covered (level 3, -4/23 HPs)
             Began as a Tengu Fighter on Jan 30, 2016.
             Was an Initiate of Makhleb.
             Slain by a goblin
             ... wielding a +1 dagger of electrocution
             ... led by Robin
              (19 damage)
             ... on level 2 of the Dungeon.
             The game lasted 00:04:06 (1648 turns).

st0uf the Covered (Tengu Fighter)                   Turns: 1648, Time: 00:04:07

Health: -4/23      AC:  7    Str: 16    XL:     3   Next: 97%
Magic:  4/4        EV:  9    Int:  8    God:    Makhleb [......]
Gold:   132        SH:  5    Dex: 14    Spells: 0 memorised, 2 levels left

rFire  . . .     SeeInvis .     a - +0 long sword
rCold  . . .     Gourm    .     b - +0 scale mail
rNeg   . . .     Faith    .     p - +0 buckler
rPois  .         Spirit   .     (helmet restricted)
rElec  .         Dismiss  .     (no cloak)
rCorr  .         Reflect  .     (no gloves)
SustAt .         Harm     .     (boots unavailable)
MR     .....                    (no amulet)
Stlth  ..........               (no ring)
                                (no ring)

@: not resistant to hostile enchantments, extremely unstealthy
A: beak, talons 3
a: Renounce Religion


You were on level 2 of the Dungeon.
You worshipped Makhleb.
Makhleb was noncommittal.
You were not hungry.

You visited 1 branch of the dungeon, and saw 3 of its levels.

You collected 132 gold pieces.

Inventory:

Hand Weapons
 a - a +0 long sword (weapon)
Armour
 b - a +0 scale mail (worn)
 c - a +0 shield
 p - a +0 buckler (worn)
Jewellery
 l - an uncursed ring of magical power {unknown}
 v - a cursed ring of teleportation {unknown}
Scrolls
 e - 4 scrolls of identify {unknown}
 i - a scroll of blinking {unknown}
 j - 2 scrolls of recharging {unknown}
 k - a scroll of teleportation {unknown}
 m - 3 scrolls of random uselessness {unknown}
 o - a scroll of magic mapping {unknown}
 q - 2 scrolls of immolation {unknown}
 r - 3 scrolls of remove curse {unknown}
Potions
 d - a potion of might
 h - a potion of lignification {unknown}
 n - a potion of invisibility {unknown}
 s - a potion of curing {unknown}
Comestibles
 f - 2 bread rations
 g - 2 meat rations
 t - 8 chunks of flesh
 u - a royal jelly
 w - 2 fruits


   Skills:
 + Level 3.5 Fighting
 + Level 2.8 Long Blades
 + Level 3.7 Armour
 + Level 0.9 Dodging
 + Level 3.4 Shields


You had 2 spell levels left.
You didn't know any spells.

Dungeon Overview and Level Annotations

Branches:
Dungeon (3/15)

Altars:
Makhleb
Zin

Annotations:
D:3 Robin


Innate Abilities, Weirdness & Mutations

You have a beak for a mouth.
You have claws for feet.


Message History

You climb upwards.
There is a stone staircase leading down here.
You barely miss the orc. You claw the orc.
The orc is heavily wounded.
The goblin closely misses you. The orc hits you but does no damage.
The goblin hits you but does no damage. The goblin hits you.
You block the goblin's attack. The goblin barely misses you.
Your shield and scale mail prevent you from hitting the orc.
Your kick misses the orc. You peck the orc.
The orc is almost dead.
The orc closely misses you. You block the goblin's attack.
The goblin barely misses you. The goblin hits you with a club.
The goblin hits you but does no damage. The orc hits you but does no damage.
You hit the orc but do no damage.
The orc is almost dead.
The goblin hits you but does no damage. The goblin barely misses you.
The goblin hits you but does no damage. x2; The orc misses you.
The goblin hits you but does no damage.
You are electrocuted!
Ouch! That really hurt!
You die...

##### #.####.# #....#.###
### #....#...# ..#
#...##)..# ..#
####........# ..#######
#..........(# ........#
#.#########(#
........#######gggg.# #.#
.....[..'......g@##.# #(#
........#.....##o##.#
###.#
.....[..#......(g##.#
#...#
........#..#...####.#
#.###
........#..#...####'###'##
........#.[#...#.........#
........#......'.........#
........#......#.........#
........#......#.........#


You could see an orc, a hobgoblin (frenzied) and 5 goblins.

Vanquished Creatures
  An adder (D:2)
  An ooze (D:2)
  A giant gecko (D:1)
  A bat (D:2)
  2 giant cockroaches (D:1)
  10 goblins
  5 hobgoblins
  4 jackals (D:1)
  A quokka (D:2)
  4 kobolds (D:1)
  4 rats
34 creatures vanquished.

Notes
Turn   | Place    | Note
--------------------------------------------------------------
     0 | D:1      | st0uf the Tengu Fighter began the quest for the Orb.
     0 | D:1      | Reached XP level 1. HP: 14/14 MP: 2/2
   125 | D:1      | Reached XP level 2. HP: 19/19 MP: 3/3
   465 | D:1      | Reached XP level 3. HP: 23/23 MP: 4/4
  1202 | D:2      | Found a burning altar of Makhleb.
  1207 | D:2      | Found a glowing silver altar of Zin.
  1207 | D:2      | Noticed an Executioner
  1207 | D:2      | Noticed an angel
  1257 | D:2      | Became a worshipper of Makhleb the Destroyer
  1444 | D:3      | Noticed Robin
  1648 | D:2      | Slain by a goblin

Vault maps used:
D:1:      enne_arrival_octagon_isle
D:2:      grunt_temple_overflow_order_and_chaos_2
D:3:      uniq_sigmund, uniq_robin, uniq_natasha

Action                   || total
-------------------------++-------
Melee: Long sword        ||    67
  Eat: Chunk             ||     2
